 Dungeon Crawl Stone Soup version 0.30-a0-178-g4db885d750 (webtiles) character file.

Game seed: 3492404897874843250

192 Querens the Conjurer (level 5, -4/28 HPs)
             Began as a Deep Elf Conjurer on Oct 3, 2022.
             Slain by an orc
             ... wielding a +0 flail
              (5 damage)
             ... on level 3 of the Dungeon.
             The game lasted 00:06:41 (1287 turns).

Querens the Conjurer (Deep Elf Conjurer)            Turns: 1287, Time: 00:06:42

Health: -4/28      AC:  2    Str:  4    XL:     5   Next: 42%
Magic:  1/15       EV: 12    Int: 25    God:
Gold:   66         SH:  3    Dex: 13    Spells: 4/15 levels left

rFire   . . .      SeeInvis .    h - +0 dagger
rCold   . . .      Faith    .    c - +0 buckler
rNeg    . . .      Spirit   .    a - +0 robe
rPois   .          Reflect  .    (no helmet)
rElec   .          Harm     .    (no cloak)
rCorr   .          Rampage  .    (no gloves)
Will    .....                    (no boots)
Stlth   ++........               (no amulet)
HPRegen 0.24/turn                k - ring of wizardry
MPRegen 0.14/turn                (no ring)

@: no status effects
A: no striking features
a: no special abilities


You were on level 3 of the Dungeon.
You visited 1 branch of the dungeon, and saw 3 of its levels.

You collected 66 gold pieces.

Inventory:

Hand Weapons
 h - a +0 dagger (weapon)
Armour
 a - a +0 robe (worn)
 c - a +0 buckler (worn)
Jewellery
 k - a ring of wizardry (left hand)
Scrolls
 d - 3 scrolls of teleportation {unknown}
 e - 2 scrolls of identify {unknown}
 l - a scroll of poison {unknown}
Potions
 b - a potion of magic
 f - a potion of flight {unknown}
 g - a potion of heal wounds {unknown}
 i - a potion of degeneration {unknown}
 j - a potion of resistance {unknown}
 m - a potion of curing {unknown}


   Skills:
 - Level 2.4 Dodging
 - Level 2.4 Stealth
 + Level 5.8 Spellcasting
 + Level 6.1 Conjurations


You had 4 spell levels left.
You knew the following spells:

 Your Spells              Type           Power      Damage    Failure   Level
a - Magic Dart            Conj           100%       1d8       1%          1
b - Searing Ray           Conj           74%        2d7       1%          2
c - Iskenderun's Mystic   Conj/Tloc      22%        2d6       12%         4
d - Fulminant Prism       Conj/Hex       11%        3d9       12%         4

Your spell library contained the following spells:

 Spells                   Type           Power      Damage    Failure   Level
 Dazzling Flash           Conj/Hex       44%        N/A       3%          3
 Sublimation of Blood     Necr           7%         N/A       6%          2
 Wereblood                Tmut           7%         N/A       6%          2
 Summon Hydra             Summ           3%         N/A       100%        7


Dungeon Overview and Level Annotations

Branches:
Dungeon (3/15)

Altars:

Shops:
D:2 =


Message History

The orc is heavily wounded.
Unknown command.
Unknown command.
The searing ray hits the orc.
You kill the orc!
You finish channelling your searing ray.
Casting: Searing Ray (safe; 1% risk of failure)
Confirm with . or Enter, or press ? or * to list all spells.
Aiming: Magic Dart (safe; 1% risk of failure)
Press: ? - help, Shift-Dir - straight line, f - orc
Aim: an orc, wielding a +0 flail and wearing a +0 ring mail (100% to hit)
The magic dart hits the orc but does no damage.
Unknown command.
Casting: Magic Dart (safe; 1% risk of failure)
Confirm with . or Enter, or press ? or * to list all spells.
Aiming: Magic Dart (safe; 1% risk of failure)
Press: ? - help, Shift-Dir - straight line, f/p - orc
Aim: an orc, wielding a +0 flail and wearing a +0 ring mail (100% to hit)
The magic dart hits the orc.
The orc is moderately wounded.
Unknown command.
Found an escape hatch in the floor.
An adder comes into view.
Found a stone staircase leading up.
The adder hisses angrily.
An orc comes into view.
It is wielding a +0 dagger and quivering boomerangs of dispersal.
An orc priest comes into view. It is wielding a +0 hand axe.
The orc priest mumbles some strange prayers to Beogh against you.
Beogh smites you!
Ouch! That really hurt!
* * * LOW HITPOINT WARNING * * *
An orc comes into view. It is wielding a +0 flail.
Okay, then.
The adder barely misses you. The adder barely misses you. The adder bites you.
* * * LOW HITPOINT WARNING * * *
The adder misses you. The orc attacks as you move away!
The orc hits you with a +0 flail.
You die...

... #.. #.# . ..#
.# . ##.###.#.
....... # #.#..#
#####. #@#<.###
......##oS....#
.......#..#.#.##.
.oo......## .....
.o.....##.#...#
####.##.#..# # ..
#.### ## #.# #)#


You could see an adder and an orc.

Vanquished Creatures
  2 orc priests (D:3)
  4 gnolls (D:2)
  An adder (D:3)
  4 dart slugs
  8 orcs
  6 ball pythons
  7 bats
  3 endoplasms
  4 giant cockroaches
  4 hobgoblins
  7 kobolds
  A quokka (D:1)
  2 frilled lizards
  8 goblins
  5 rats
66 creatures vanquished.

Notes
Turn   | Place    | Note
-------+----------+-------------------------------------------
     0 | D:1      | Querens the Deep Elf Conjurer began the quest for the Orb.
     0 | D:1      | Reached XP level 1. HP: 10/10 MP: 6/6
   160 | D:1      | Reached XP level 2. HP: 15/15 MP: 2/8
   298 | D:1      | Learned a level 2 spell: Searing Ray
   421 | D:1      | Reached skill level 5 in Conjurations
   477 | D:1      | Reached XP level 3. HP: 19/19 MP: 6/10
   702 | D:2      | Reached XP level 4. HP: 20/24 MP: 3/12
   914 | D:2      | Learned a level 4 spell: Iskenderun's Mystic Blast
   919 | D:2      | Learned a level 4 spell: Fulminant Prism
   940 | D:2      | Reached skill level 5 in Spellcasting
  1107 | D:2      | Found Gutufam's Jewellery Shoppe.
  1252 | D:3      | Reached XP level 5. HP: 28/28 MP: 8/14
  1255 | D:3      | Reached skill level 6 in Conjurations
  1283 | D:3      | HP: 1/28 [orc priest/divine providence (15)]
  1287 | D:3      | Slain by an orc

Illustrated notes

Levels and vault maps discovered:
D:1:      psy_arrival_dodecagon, layout_basic
D:2:      layout_loops_ring, serial_shops, shop
D:3:      layout_loops_cross, basic_ecumenical_altar

Skill      XL: |  1  2  3  4  5 |
---------------+----------------+-----
Spellcasting   | 4 5 |  5.8
Conjurations   | 5 6 |  6.1
Dodging        | |  2.4
Stealth        | |  2.4

Action                   |  1- 3 |  4- 6 || total
-------------------------+-------+-------++-------
Melee: Unarmed           |    64 |       ||    64
       Dagger            |     2 |     9 ||    11
 Cast: Magic Dart        |    51 |    26 ||    77
       Searing Ray       |     2 |     4 ||     6
 Stab: Sleeping          |     1 |     1 ||     2
Armor: Robe              |    27 |     1 ||    28
Dodge: Dodged            |    66 |    17 ||    83
Block: Buckler           |    15 |     1 ||    16

Table legend: (Time is in decaauts)
 A = Elapsed time spent in this place.
 B = Non-inter-level travel time spent in this place.
 C = Inter-level travel time spent in this place.
 D = Time resting spent in this place.
 E = Time spent auto-exploring this place.
 F = Levels seen in this place.
 G = Mean time per level.
                   A        B        C        D        E       F      G
               +--------+--------+--------+--------+--------+-----+--------+
         Total |   1289 |   1210 |     79 |      0 |      0 |   3 |  429.7 |
       Dungeon |   1289 |   1210 |     79 |      0 |      0 |   3 |  429.7 |
               +--------+--------+--------+--------+--------+-----+--------+

Top non-repeatable levels by time:
     D:1: 665 daAuts
     D:2: 530 daAuts
     D:3: 92 daAuts
